Map: 2000 Atmospheres LE

Players

MaSa - Winner!

  • Race: Terran Terran

Vindicta

  • Race: Terran Terran

Event: DreamHack SC2 Masters 2021 Fall

VOD

Have the link to the VOD?

Description

Time

  • Played on: Aug. 7, 2021, 3:31 p.m.
  • Length: 10:02

All games in this series

Show
View Real Time Build Order
Export as new Build Order

MaSa Terran - Winner!

Build Orders: Cyclone Opening, Mech 

Get SALT Encoding   

  12  0:00  SCV  
  13  0:12  SCV  
  14  0:16  Supply Depot  
  14  0:24  SCV  
  15  0:38  SCV  
  15  0:39  Barracks  
  16  0:43  Refinery  
  16  0:47  Refinery  
  16  0:52  SCV  
  17  1:04  SCV  
  18  1:16  SCV  
  19  1:26  Reaper  
  19  1:27  Supply Depot  
  19  1:28  Orbital Command  
  20  1:40  Factory  
  20  1:54  SCV  
  20  1:58  Reaper  
  22  2:06  SCV  
  23  2:15  Command Center  
  23  2:19  SCV  
  24  2:23  Factory Tech Lab  
  24  2:32  Supply Depot, SCV  
  25  2:41  Cyclone  
  28  2:44  SCV  
  28  2:50  Starport  
  29  2:56  SCV, Barracks Tech Lab  
  30  3:08  SCV  
  31  3:13  Cyclone  
  34  3:20  SCV  
  36  3:32  Orbital Command  
  36  3:33  Refinery, SCV  
  36  3:45  Refinery, SCV  
  35  3:49  Siege Tank  
  38  3:57  SCV x2  
  40  4:06  Raven  
  40  4:07  Supply Depot  
  40  4:09  SCV  
  44  4:10  SCV  
  44  4:21  SCV, Siege Tank  
  44  4:22  SCV  
  49  4:33  SCV  
  49  4:34  Supply Depot, SCV  
  51  4:45  SCV  
  52  4:46  SCV  
  52  4:49  Raven  
  55  4:53  Siege Tank  
  55  4:57  SCV  
  55  4:58  SCV  
  60  5:02  Command Center  
  60  5:03  Barracks Reactor, Factory  
  60  5:09  SCV  
  60  5:10  SCV  
  62  5:15  Supply Depot  
  62  5:21  SCV  
  62  5:22  SCV  
  62  5:25  Siege Tank  
  67  5:33  SCV  
  67  5:34  SCV  
  69  5:38  Supply Depot  
  69  5:43  Viking x2  
  69  5:46  SCV x2  
  75  5:51  Engineering Bay  
  75  5:52  Siege Tank  
  78  5:59  SCV x2, Siege Tank  
  78  6:01  Supply Depot  
  83  6:12  SCV  
  83  6:13  Viking  
  83  6:14  Viking  
  83  6:18  SCV  
  89  6:21  Refinery  
  89  6:23  Refinery  
  89  6:24  SCV  
  90  6:26  Siege Tank  
  90  6:30  SCV  
  94  6:34  Supply Depot  
  94  6:35  Siege Tank  
  94  6:36  SCV  
  98  6:40  Supply Depot  
  98  6:41  Orbital Command  
  98  6:42  SCV  
  98  6:43  Viking  
  98  6:44  Viking  
  103  6:48  SCV  
  105  6:54  SCV  
  105  6:58  Barracks Reactor  
  105  7:00  SCV, Factory  
  105  7:01  Siege Tank  
  109  7:06  SCV  
  110  7:12  Viking  
  109  7:18  Viking, SCV  
  109  7:19  SCV  
  110  7:28  SCV  
  111  7:34  SCV  
  108  7:38  SCV, Armory  
  108  7:40  Armory  
  108  7:42  Viking  
  108  7:44  SCV  
  110  7:48  Viking  
  110  7:54  Siege Tank x2  
  110  7:55  SCV  
  108  8:01  SCV x2, Command Center  
  108  8:02  Supply Depot  
  108  8:06  Hellion x2  
  108  8:07  SCV  
  113  8:12  Viking  
  113  8:13  SCV x2  
  113  8:18  Viking, Supply Depot  
  113  8:19  SCV  
  120  8:22  Barracks Tech Lab  
  120  8:24  Barracks Reactor, Factory  
  120  8:32  SCV  
  121  8:34  Hellion, Siege Tank  
  121  8:35  Hellion  
  121  8:38  SCV  
  121  8:39  SCV  
  121  8:40  Supply Depot  
  130  8:42  Viking  
  130  8:46  Supply Depot  
  130  8:48  Viking  
  134  8:54  Siege Tank  
  135  8:59  Hellion x2  
  139  9:06  SCV  
  139  9:07  Siege Tank  
  139  9:08  SCV  
  139  9:12  Viking  
  133  9:18  Viking, SCV  
  133  9:23  Supply Depot  
  134  9:24  Command Center  
  134  9:25  Supply Depot  
  134  9:28  SCV  
  134  9:30  Factory  
  135  9:34  Hellion x2  
  135  9:35  Barracks Tech Lab  
  141  9:45  SCV  
  141  9:47  SCV  
Show
View Real Time Build Order
Export as new Build Order

Vindicta Terran 

Build Orders: Cyclone Opening, Mech 

Get SALT Encoding   

  12  0:00  SCV  
  13  0:12  SCV  
  14  0:17  Supply Depot  
  14  0:24  SCV  
  15  0:38  SCV  
  15  0:39  Barracks  
  16  0:43  Refinery  
  16  0:50  SCV  
  16  0:52  Refinery  
  17  1:03  SCV  
  18  1:15  SCV  
  19  1:26  Reaper  
  19  1:28  Supply Depot  
  19  1:30  Orbital Command  
  20  1:47  Factory  
  20  1:55  SCV  
  20  1:59  Barracks Reactor  
  21  2:07  SCV  
  22  2:19  SCV  
  23  2:31  Factory Tech Lab  
  23  2:34  SCV  
  23  2:35  Reaper x2  
  26  2:38  Command Center  
  26  2:46  SCV  
  26  2:47  Supply Depot  
  27  2:54  Cyclone  
  27  2:58  SCV  
  29  3:07  Marine x2  
  29  3:10  SCV  
  32  3:20  Starport  
  32  3:23  SCV  
  33  3:27  Marine  
  33  3:29  Marine  
  34  3:38  Siege Tank  
  37  3:43  SCV  
  36  3:49  Marine x2  
  38  3:56  SCV  
  38  3:57  Starport Tech Lab  
  38  4:02  Orbital Command  
  39  4:07  Marine  
  39  4:08  SCV  
  41  4:16  Raven  
  43  4:19  Marine  
  43  4:20  SCV  
  45  4:24  Marine  
  45  4:28  Refinery  
  47  4:31  Refinery  
  47  4:32  SCV  
  47  4:34  SCV  
  47  4:38  Siege Tank  
  51  4:39  Marine  
  51  4:44  Supply Depot  
  52  4:46  SCV x2  
  54  5:05  SCV x2  
  56  5:07  Supply Depot  
  56  5:10  Siege Tank  
  59  5:16  Viking  
  59  5:17  SCV  
  62  5:28  SCV, Viking, Supply Depot  
  62  5:29  SCV  
  66  5:42  SCV  
  68  5:43  Siege Tank  
  70  5:50  Viking, SCV  
  70  5:53  Supply Depot  
  70  5:55  SCV  
  74  5:58  Viking  
  74  6:02  SCV  
  77  6:08  SCV  
  78  6:12  Command Center  
  78  6:16  SCV  
  79  6:19  Siege Tank  
  79  6:22  SCV  
  82  6:28  SCV  
  82  6:30  Viking  
  85  6:34  SCV, Supply Depot  
  85  6:38  Viking  
  88  6:40  SCV, Factory  
  88  6:46  SCV  
  89  6:52  SCV, Siege Tank  
  92  6:58  SCV  
  92  7:00  Liberator  
  92  7:01  Factory  
  96  7:04  SCV  
  96  7:08  Viking  
  88  7:19  SCV  
  88  7:22  SCV  
  81  7:33  SCV  
  76  7:38  Viking  
  76  7:42  Orbital Command  
  78  7:47  SCV  
  78  7:52  Liberator  
  78  7:54  Siege Tank  
  75  7:59  SCV  
  75  8:05  Hellion  
  76  8:08  Viking  
  76  8:11  SCV  
  76  8:12  Factory Reactor  
  79  8:14  SCV  
  80  8:23  SCV  
  80  8:26  SCV  
  80  8:35  Viking, SCV  
  86  8:45  Viking  
  86  8:48  SCV  
  84  9:05  Viking  
  84  9:06  Siege Tank  
  84  9:07  SCV  
  84  9:09  Orbital Command, Hellion  
  88  9:16  Siege Tank  
  90  9:20  SCV  
  80  9:24  Hellion  
  80  9:31  Hellion  
  84  9:39  Refinery  
  84  9:40  Hellion  
  84  9:42  Refinery  

Tags
 
Add a new tag
Caveats
  • Supply blocks, unpowered buildings, or Contaminate may cause inaccurate times.
  • Supply counts are checked every 10 seconds.